 Dungeon Crawl Stone Soup version 0.29-a0-753-gb7bb9d756e (console) character file.

Game seed: 10857416893411206392

571 Banquo the Chopper (level 7, -25/48 HPs)
             Began as an Octopode Fighter on June 30, 2022.
             Was a Follower of the Shining One.
             Annihilated by an ogre
             ... wielding a +0 giant club
              (39 damage)
             ... on level 5 of the Dungeon.
             The game lasted 00:08:32 (4540 turns).

Banquo the Chopper (Octopode Fighter)               Turns: 4540, Time: 00:08:32

Health: -25/48     AC:  1    Str: 15    XL:     7   Next: 34%
Magic:  8/8        EV: 13    Int: 13    God:    the Shining One [*.....]
Gold:   266        SH:  4    Dex: 11    Spells: 6/6 levels left

rFire   . . .      SeeInvis +   a - +0 war axe
rCold   . . .      Faith    .   b - +0 buckler
rNeg    . . .      Spirit   .   (helmet restricted)
rPois   .          Reflect  .   (no amulet)
rElec   .          Harm     .   h - ring of flight
rCorr   .          Rampage  .   l - ring of see invisible
Will    .....                   (no ring)
Stlth   +.........              (no ring)
HPRegen 0.16/turn               (no ring)
MPRegen 0.11/turn               (no ring)
                                (no ring)
                                (no ring)

@: flying, glowing
A: almost no armour, amphibious, 8 rings, camouflage 1, gelatinous body 1,
(nimble swimmer 1), tentacles
a: Renounce Religion, Divine Shield


You were on level 5 of the Dungeon.
You worshipped the Shining One.
The Shining One was aware of your devotion.
You visited 1 branch of the dungeon, and saw 5 of its levels.

You collected 266 gold pieces.

Inventory:

Hand Weapons
 a - a +0 war axe (weapon)
 g - a +0 spear
 j - a +2 dagger of flaming
Missiles
 v - 13 stones (quivered)
 w - 11 poisoned darts
Armour
 b - a +0 buckler (worn)
Jewellery
 h - a ring of flight (left tentacle)
 l - a ring of see invisible (right tentacle)
Wands
 n - a wand of flame (21)
 u - a wand of polymorph (9)
 A - a wand of mindburst (11)
 C - a wand of paralysis (4)
Scrolls
 d - 4 scrolls of identify {unknown}
 e - 5 scrolls of magic mapping {unknown}
 f - 2 scrolls of fog {unknown}
 k - 5 scrolls of teleportation {unknown}
 m - a scroll of fear {unknown}
 p - 2 scrolls of amnesia {unknown}
 r - a scroll of blinking {unknown}
 s - 2 scrolls of enchant armour {unknown}
 t - 3 scrolls of silence {unknown}
 y - a scroll of enchant weapon {unknown}
 B - a scroll of vulnerability {unknown}
Potions
 c - 2 potions of might
 i - 2 potions of ambrosia {unknown}
 o - a potion of curing {unknown}
 q - a potion of resistance {unknown}
 x - a potion of heal wounds {unknown}
 z - a potion of flight {unknown}


   Skills:
 + Level 4.0 Fighting
 * Level 6.5 Axes
 + Level 3.4 Dodging
 + Level 3.0 Shields
 * Level 2.6 Invocations


You had 6 spell levels left.
You didn't know any spells.
Your spell library contained the following spells:

 Spells                   Type           Power      Damage    Failure   Level
 Foxfire                  Conj/Fire      0%         2x1d4     38%         1
 Conjure Flame            Conj/Fire      0%         6-21      77%         3
 Gell's Gravitas          Tloc           0%         N/A       77%         3
 Inner Flame              Hex/Fire       0%         N/A       77%         3
 Lesser Beckoning         Tloc           0%         N/A       77%         3
 Teleport Other           Tloc           0%         N/A       77%         3
 Flame Wave               Conj/Fire      0%         2d4       99%         4


Dungeon Overview and Level Annotations

Branches:
Dungeon (5/15)
 Temple: D:4-7

Altars:
Qazlal
Wu Jian
The Shining One

Annotations:
D:2 rock vauly


Innate Abilities, Weirdness & Mutations

You cannot wear most types of armour.
You are amphibious.
You can wear up to eight rings at the same time.
Your skin changes colour to match your surroundings (Stealth+).
Your rubbery body absorbs attacks. (AC +1, EV +1)
((You are camouflaged when in or above water. (Stealth+)))
You have tentacles for arms and can constrict up to eight enemies at once.


Message History

You hit Ijyb. Your grab misses Ijyb. You squeeze Ijyb.
Ijyb is heavily wounded.
You block Ijyb's attack.
You slash Ijyb! You grab Ijyb. You squeeze Ijyb.
Ijyb is almost dead.
You constrict Ijyb, but do no damage.
Ijyb zaps a wand.
You resist with some effort.
You slash Ijyb!
You kill Ijyb!
C - a wand of paralysis (4)
Things that are here:
a +0 dagger; a +0 ring mail You reach down and open the door.
There is an open door here.
The ogre shouts!
Throw: 15 stones
Press: ? - help, Q - select action, (/) - cycle Shift-Dir - straight line, f - ogre
Aim: an ogre, wielding a +0 giant club (73% to hit)
You throw a stone. The stone barely misses the ogre.
Throw: 14 stones
Press: ? - help, Q - select action, (/) - cycle Shift-Dir - straight line, f/p - ogre
Aim: an ogre, wielding a +0 giant club (73% to hit)
You throw a stone.
The stone hits the ogre but does no damage.
An ufetubus comes into view.
There is an open door here.
Things that are here:
a +0 dagger; a +0 ring mail You slash the ogre!
You squeeze the ogre.
The ogre is heavily wounded.
The ogre hits you with a +0 giant club!!
You hit the ogre.
The ogre is heavily wounded.
The ogre hits you with a +0 giant club!
* * * LOW HITPOINT WARNING * * *
You slash the ogre!
The ogre is almost dead.
The ogre hits you with a +0 giant club!!!
Ouch! That really hurt!
You die...

.................!#
...##.............#
...##.............#
...##.####.........
'####....+.........
.......###.........
#####..####'#######
#####..##.#.########
.......##.#...)O@..+
.#####.##....####.##
.# #.##########.##
.# #.# #.........+
.#####.# #.######.##
.#.....# #.# #.#
.###.#####.# ### .#
#.......# .#
#..##########


You could see an ogre.

Vanquished Creatures
  Prince Ribbit (D:5)
  A scorpion (D:4)
  A jelly (D:5)
  2 hounds (D:4)
  An iguana (D:5)
  Ijyb (D:5)
  An adder (D:4)
  6 gnolls
  6 dart slugs
  2 orcs
  7 bats
  7 endoplasms
  5 giant cockroaches
  7 hobgoblins
  7 kobolds
  4 quokkas
  11 ball pythons
  6 frilled lizards
  5 goblins
  9 rats
90 creatures vanquished.

Notes
Turn   | Place    | Note
-------+----------+-------------------------------------------
     0 | D:1      | Banquo the Octopode Fighter began the quest for the Orb.
     0 | D:1      | Reached XP level 1. HP: 16/16 MP: 1/1
    32 | D:1      | Found a faded altar of an unknown god.
    50 | D:1      | Prayed at the altar of an unknown god.
    50 | D:1      | Became a worshipper of the Shining One
    50 | D:1      | Reached * piety under the Shining One
    64 | D:1      | Reached XP level 2. HP: 15/21 MP: 2/2
   504 | D:1      | Reached skill level 3 in Axes
   504 | D:1      | Reached skill level 1 in Invocations
   504 | D:1      | Reached XP level 3. HP: 26/26 MP: 3/3
  1343 | D:2      | Reached XP level 4. HP: 30/31 MP: 4/4
  3122 | D:4      | Found a stormy altar of Qazlal.
  3130 | D:4      | Noticed an earth elemental
  3134 | D:4      | Noticed a water elemental
  3137 | D:4      | Noticed a fire elemental
  3137 | D:4      | Noticed an air elemental
  3153 | D:4      | Reached skill level 4 in Axes
  3153 | D:4      | Reached XP level 5. HP: 35/36 MP: 6/6
  3382 | D:4      | Reached skill level 5 in Axes
  3440 | D:4      | Found an ornate altar of the Wu Jian Council.
  3531 | D:4      | Reached XP level 6. HP: 35/43 MP: 7/7
  3738 | D:5      | Entered Level 5 of the Dungeon
  3855 | D:5      | Noticed Prince Ribbit
  3886 | D:5      | Killed Prince Ribbit
  3887 | D:5      | Reached skill level 6 in Axes
  3887 | D:5      | Reached XP level 7. HP: 17/48 MP: 8/8
  4508 | D:5      | Noticed Ijyb
  4513 | D:5      | Killed Ijyb
  4540 | D:5      | Annihilated by an ogre

Illustrated notes

Levels and vault maps discovered:
D:1:      dpeg_arrival_boxes_within_box, layout_basic,
          ebering_ecumenical_altar_abandoned
D:2:      layout_basic, serial_glass, glass_columns_b, glass_columns_a,
          feat_on_display, due_unseen_surprise, minmay_strange_pillars,
          item_on_display_a, minmay_heptomino_l4
D:3:      layout_loops_ring, kennysheep_generic_room_12
D:4:      layout_cave_pools, mainiacjoe_overflow_cross_hatched,
          nicolae_qazlal_style_of_elements
D:5:      layout_basic, elyvilon_altar_4, uniq_prince_ribbit1, uniq_ijyb

Skill      XL: |  1  2  3  4  5  6 |
---------------+-------------------+-----
Axes           | 3 4 5 6 |  6.5
Invocations    | 1 2 |  2.6
Fighting       | 4 |  4.0
Dodging        | |  3.4
Shields        | |  3.0

Action                   |  1- 3 |  4- 6 |  7- 9 || total
-------------------------+-------+-------+-------++-------
Melee: War axe           |    53 |    68 |    15 ||   136
       Constrict         |    18 |    26 |     2 ||    46
       Tentacles         |     7 |    20 |     5 ||    32
       Punch             |     1 |     2 |       ||     3
Throw: Stone             |       |       |     2 ||     2
 Stab: Sleeping          |     1 |       |       ||     1
Armor: Skin              |     2 |     3 |       ||     5
Dodge: Dodged            |    24 |    33 |     5 ||    62
Block: Buckler           |     9 |     9 |     2 ||    20

Table legend: (Time is in decaauts)
 A = Elapsed time spent in this place.
 B = Non-inter-level travel time spent in this place.
 C = Inter-level travel time spent in this place.
 D = Time resting spent in this place.
 E = Time spent auto-exploring this place.
 F = Levels seen in this place.
 G = Mean time per level.
                   A        B        C        D        E       F      G
               +--------+--------+--------+--------+--------+-----+--------+
         Total |   4585 |   4425 |    160 |    187 |   3617 |   5 |  917.0 |
       Dungeon |   4585 |   4425 |    160 |    187 |   3617 |   5 |  917.0 |
               +--------+--------+--------+--------+--------+-----+--------+

Top non-repeatable levels by time:
     D:1: 1170 daAuts
     D:2: 941 daAuts
     D:3: 896 daAuts
     D:4: 790 daAuts
     D:5: 787 daAuts
